AoeStats
← teccojc

Arabia

510347253Analyzed
1v1 RM · 2d ago on Sep 30, 2026· 56m 42s· 2 players
Game mode
Random Map
Map size
Tiny (2 player)
Population
200
Speed
Normal
Resources
Standard
Victory
Conquest
Starting age
Dark Age
Ending age
Imperial Age
RankedLock teamsTeams togetherTeam positionsShared explorationLock speedFull tech treeHidden civsTurbo modeCheats
Victory
Defeat
🇨🇿 Vikings · Czechia
956
+16
🇦🇷 Ethiopians · Argentina
965
-16
NIMROVEC
6:56 Loom
9:54 Feudal Age
10:48 Double-Bit Axe
13:11 Horse Collar
19:58 Castle Age
18:39 Fletching
18:50 Padded Archer Armor
20:07 Elite Skirmisher
20:54 Bodkin Arrow
24:01 Man-at-Arms
24:45 Squires
24:49 Long Swordsman
24:55 Light Cavalry
26:57 Scale Mail Armor
27:03 Scale Barding Armor
26:54 Gold Mining
28:33 Arson
31:07 Stone Mining
32:46 Leather Archer Armor
32:42 Forging
34:42 Gold Shaft Mining
39:03 Imperial Age
37:43 Bow Saw
39:54 Ballistics
39:30 Two-Handed Swordsman
41:07 Bracer
41:38 Ring Archer Armor
41:24 Chain Mail Armor
41:30 Chain Barding Armor
41:37 Crossbowman
43:54 Heavy Plow
44:25 Champion
45:44 Town Watch
47:10 Chemistry
45:51 Onager
48:27 Town Patrol
48:59 Conscription
50:33 Elite Berserk
53:31 Chain Barding Armor
53:41 Plate Mail Armor
53:47 Iron Casting
55:39 Crop Rotation
56:14 Two-Man Saw
teccojc
6:57 Loom
7:36 Loom
9:41 Feudal Age
17:12 Castle Age
16:09 Fletching
17:57 Crossbowman
19:14 Padded Archer Armor
24:51 Thumb Ring
26:21 Double-Bit Axe
29:56 Squires
31:20 Leather Archer Armor
33:36 Ballistics
38:02 Imperial Age
36:34 Town Watch
37:17 Scale Mail Armor
38:02 Bodkin Arrow
38:04 Arson
40:11 Arbalester
45:09 Heavy Scorpion
48:06 Heated Shot
49:17 Chemistry
51:31 Husbandry
52:06 Scale Barding Armor
52:12 Forging
52:23 Cavalier
56:37 Iron Casting
Connection lost

Rejoining the realm…

Still unreachable

The connection could not be restored.

Session expired

The server has moved on; the page needs a fresh start.